 Dungeon Crawl Stone Soup version 0.18.1-48-g4cf74bf (webtiles) character file.

2131 Qew7 the Grappler (level 9, 81/88 HPs)
             Began as a Troll Monk on Aug 22, 2016.
             Starved to death
             ... on level 7 of the Dungeon.
             The game lasted 00:26:08 (4922 turns).

Qew7 the Grappler (Troll Monk)                      Turns: 4922, Time: 00:26:08

Health: 81/88      AC:  7    Str: 24    XL:     9   Next: 9%
Magic:  8/8        EV: 12    Int:  6    God:    Xom [......]
Gold:   549        SH:  0    Dex: 12    Spells: 0 memorised, 8 levels left

rFire  . . .     SeeInvis .       - Unarmed
rCold  + . .     Gourm    +     j - +1 animal skin
rNeg   . . .     Faith    .     (no shield)
rPois  .         Spirit   .     (helmet restricted)
rElec  .         Dismiss  .     r - +0 cloak
rCorr  .         Reflect  .     (gloves unavailable)
SustAt .         Harm     .     (boots unavailable)
MR     .....                    (no amulet)
Stlth  +.........               (no ring)
                                g - ring of protection from cold

@: fainting, drained, not resistant to hostile enchantments, very unstealthy
A: unfitting armour, claws 3, fast metabolism 3, gourmand, regeneration 2,
shaggy fur 1, tough skin 2
a: Renounce Religion


You were on level 7 of the Dungeon.
You worshipped Xom.
You were a very special plaything of Xom.
You were fainting.

You visited 2 branches of the dungeon, and saw 8 of its levels.
You also visited: Ossuary.

You collected 549 gold pieces.

Inventory:

Hand Weapons
 e - a +0 scythe
 p - a +0 war axe of chopping
 t - a +1 mace of crushing
Armour
 a - a +0 robe
 h - a +0 robe
 j - a +1 animal skin (worn)
 k - a +2 helmet
 o - a +1 leather armour of positive energy
 r - a +0 cloak (worn)
Jewellery
 f - an uncursed amulet of dismissal
 g - a ring of protection from cold (left claw)
Wands
 m - a wand of flame (15/48)
 n - a wand of polymorph (7/24)
 q - a wand of flame (22/48)
Scrolls
 b - 2 scrolls of remove curse
 c - a scroll of identify
 s - a scroll of immolation
Potions
 d - 3 potions of curing
 l - a potion of brilliance
 u - a potion of might {unknown}
Miscellaneous
 i - a phantom mirror


   Skills:
 + Level 5.2(4.0) Fighting
 + Level 6.4(5.2) Dodging
 + Level 2.5(1.5) Stealth
 + Level 8.2(6.9) Unarmed Combat


You had 8 spell levels left.
You didn't know any spells.

Dungeon Overview and Level Annotations

Branches:
Dungeon (7/15)             Temple (1/1) D:6

Altars:
Cheibriados
Dithmenos
Elyvilon
Fedhas
Gozag
Nemelex Xobeh
Okawaru
Qazlal
Ru
Sif Muna
Trog
Vehumet
Xom
Zin
The Shining One


Innate Abilities, Weirdness & Mutations

You are too large for most types of armour.
You have claws for hands.
Your metabolism is lightning-fast.
You like to eat raw meat.
You heal very quickly.
You are covered in fur (AC +1).
You have very tough skin (AC +2).


Message History

Found a glowing golden altar of the Shining One.
Found a stone staircase leading up.
You closely miss the phantom.
The phantom is severely damaged.
The worker ant twitches its antennae in your direction.
The phantom blinks!
The hippogriff screeches!
The phantom blinks!
The worker ant closely misses you.
You scratch the worker ant.
The worker ant is lightly wounded.
The worker ant closely misses you.
You completely miss the worker ant.
The worker ant is lightly wounded.
The worker ant bites you but does no damage.
You claw the worker ant!
The worker ant is almost dead.
You have starved to death.
You die...
Xom giggles madly!

<...... ........#
.....!..#
.....?..#
.....$..#
........######
....?..ZH....#
.._....aW....#####
........@[........
⌠.._.##.....######
.... ##....>...###
.._ ###...##...# .
#....###.#
#..#...#.#
##.##..#.#
#.###...# #.#
#...##


You could see a hippogriff, a phantom, a worker ant and a quokka zombie.

Vanquished Creatures
  Prince Ribbit (D:6)
  The ghost of droidenko the Shield-Bearer, an amateur GrFi (D:5)
  Sigmund (D:2)
  The ghost of sciencifying the Magician, an amateur DEWz (D:4)
  A water moccasin (D:6)
  An ice beast (D:6)
  2 ogres
  A centaur (D:5)
  3 giant frogs (D:6)
  A scorpion (D:7)
  A wyvern skeleton (D:5)
  2 crimson imps
  A giant frog zombie (D:6)
  A giant frog skeleton (D:5)
  3 orc priests (D:5)
  A centaur skeleton (D:4)
  Jessica (D:3)
  Ijyb (D:2)
  4 orc wizards
  5 worker ants
  3 big kobold zombies (Ossuary)
  3 mummies
  Robin (D:2)
  A worker ant zombie (D:5)
  2 adders
  2 oozes (D:1)
  2 adder skeletons (D:4)
  3 worms
  A dart slug (D:2)
  5 giant geckos
  19 orcs
  5 bats
  3 giant cockroaches
  14 goblins
  6 hobgoblins
  11 jackals
  4 quokkas
  4 giant newts
  4 gnoll zombies (Ossuary)
  2 goblin zombies (Ossuary)
  2 hobgoblin zombies (Ossuary)
  7 kobolds
  3 orc zombies (Ossuary)
  8 rats
148 creatures vanquished.

Notes
Turn   | Place    | Note
--------------------------------------------------------------
     0 | D:1      | Qew7 the Troll Monk began the quest for the Orb.
     0 | D:1      | Reached XP level 1. HP: 22/22 MP: 0/0
   177 | D:1      | Reached XP level 2. HP: 29/29 MP: 1/1
   762 | D:2      | Noticed Ijyb
   776 | D:2      | Killed Ijyb
   776 | D:2      | Reached XP level 3. HP: 36/36 MP: 2/2
   816 | D:2      | Noticed Sigmund
   858 | D:2      | Killed Sigmund
   858 | D:2      | Reached skill level 5 in Unarmed Combat
   858 | D:2      | Reached XP level 4. HP: 26/45 MP: 3/3
   858 | D:2      | Reached XP level 5. HP: 30/53 MP: 4/4
  1155 | D:2      | Noticed Robin
  1193 | D:2      | Killed Robin
  1985 | D:3      | Reached XP level 6. HP: 61/61 MP: 5/5
  2231 | D:3      | Reached skill level 6 in Unarmed Combat
  2265 | D:3      | Noticed Jessica
  2273 | D:3      | Killed Jessica
  2457 | D:4      | Noticed sciencifying's ghost (amateur DEWz)
  2474 | D:4      | Killed sciencifying's ghost
  2474 | D:4      | Reached XP level 7. HP: 43/68 MP: 6/6
  2536 | D:4      | Found a sand-covered staircase.
  2991 | Ossuary  | Entered an ossuary
  3175 | D:5      | Entered Level 5 of the Dungeon
  3793 | D:5      | Reached skill level 5 in Dodging
  3812 | D:5      | Reached XP level 8. HP: 75/78 MP: 7/7
  3847 | D:5      | Reached skill level 7 in Unarmed Combat
  3923 | D:5      | Noticed droidenko's ghost (amateur GrFi)
  3939 | D:5      | Killed droidenko's ghost
  4312 | D:6      | Noticed Prince Ribbit
  4334 | D:6      | Reached skill level 5 in Fighting
  4413 | D:6      | Found a staircase to the Ecumenical Temple.
  4423 | D:6      | Reached skill level 8 in Unarmed Combat
  4435 | Temple   | Entered the Ecumenical Temple
  4516 | Temple   | Became a worshipper of Xom the Capricious
  4552 | D:6      | XOM: harmless Air miscast
  4582 | D:6      | XOM: potion effect (curing)
  4582 | D:6      | XOM: smoke on damage
  4592 | D:6      | Killed Prince Ribbit
  4592 | D:6      | Reached XP level 9. HP: 61/88 MP: 8/8
  4599 | D:6      | XOM: silly message
  4717 | D:6      | XOM: god gift: phantom mirror
  4786 | D:6      | XOM: enchant monster (good)
  4834 | D:7      | XOM: harmless Conj miscast
  4906 | D:7      | XOM: draining
  4908 | D:7      | Found an iron altar of Okawaru.
  4910 | D:7      | Found a deep blue altar of Sif Muna.
  4913 | D:7      | Found a glowing golden altar of the Shining One.
  4922 | D:7      | Starved to death

Skill      XL: |  1  2  3  4  5  6  7  8 |
---------------+-------------------------+-----
Fighting       | 3 4 5 |  5.2
Dodging        | 3 4 5 6 |  6.4
Unarmed Combat | 5 6 8 |  8.2
Stealth        | 2 |  2.5

Action                   |  1- 3 |  4- 6 |  7- 9 || total
-------------------------+-------+-------+-------++-------
Melee: Unarmed           |    70 |   156 |   285 ||   511
       Punch             |     2 |     3 |     8 ||    13
Evoke: Wand              |       |       |     6 ||     6
  Use: Potion            |     3 |     4 |     4 ||    11
       Scroll            |     5 |     2 |     6 ||    13
 Stab: Sleeping          |       |     4 |     2 ||     6
       Distracted        |       |     1 |       ||     1
  Eat: Bread ration      |     1 |     2 |     2 ||     5
       Pizza             |     1 |     1 |       ||     2
       Royal jelly       |       |     2 |     2 ||     4
       Meat ration       |       |       |     1 ||     1
       Beef jerky        |       |       |     1 ||     1
Armor: Robe              |    17 |    13 |       ||    30
       Animal skin       |       |    35 |    77 ||   112
Dodge: Dodged            |    30 |    68 |   127 ||   225
